 Dungeon Crawl Stone Soup version 0.30.1-11-g7821555f0a (webtiles) character file.

Game seed: 13301753741088949969

30396 Marvel the Severer (level 13, -10/130 HPs)
             Began as a Hill Orc Fighter on Dec 29, 2023.
             Was a High Priest of Okawaru.
             Mangled by a two-headed ogre
             ... wielding a +0 giant club
              (21 damage)
             ... on level 1 of the Orcish Mines on Jan 10, 2024.
             The game lasted 00:32:47 (15859 turns).

Marvel the Severer (Hill Orc Fighter)              Turns: 15859, Time: 00:32:47

Health: -10/130    AC: 13    Str: 30    XL:     13   Next: 51%
Magic:  0/13       EV:  9    Int: 11    God:    Okawaru [*****.]
Gold:   959        SH: 19    Dex: 10    Spells: 12/12 levels left

rFire   + . .        F - +4 hand axe (heavy)
rCold   + . .        V - +0 kite shield
rNeg    . . .        v - +3 scale mail {rF+}
rPois   +            O - +0 helmet
rElec   .            (no cloak)
rCorr   .            (no gloves)
SInv    .            (no boots)
Will    .....        u - brooch of Shielding {Spirit SH+8} Stlth
                     y - ring "Qetei" {rPois rC+ Int+3}
HPRegen 0.41/turn    C - +6 ring of strength
MPRegen 0.13/turn

%: guardian spirit
@: very slightly contaminated
A: deterioration 1, robust 1, wild magic 1
a: Renounce Religion, Heroism, Finesse, Duel


You were on level 1 of the Orcish Mines.
You worshipped Okawaru.
Okawaru was extremely pleased with you.
You visited 3 branches of the dungeon, and saw 15 of its levels.
You also visited: Bailey.

You collected 1106 gold pieces.
You spent 147 gold pieces at shops.

Inventory:

Hand Weapons
 a - a +1 war axe
 E - a +2 heavy executioner's axe
 F - a +4 heavy hand axe (weapon)
 G - the +9 falchion "Ravufipe" {freeze, Str+4 Int+2}
   (You found it on level 7 of the Dungeon)

   Str:       It affects your strength (+4).
   Int:       It affects your intelligence (+2).
 R - a +0 scimitar of flaming
Missiles
 H - 32 poisoned darts
 N - 11 boomerangs (quivered)
 Q - a javelin
 S - 3 silver javelins
Armour
 b - a +0 scale mail
 c - a +0 buckler
 v - a +3 scale mail of fire resistance (worn)
 O - a +0 helmet (worn)
 V - a +0 kite shield (worn)
Jewellery
 e - an amulet of regeneration
 h - a ring of magical power
 j - an amulet of faith
 m - a ring of see invisible
 u - the brooch of Shielding (around neck) {Spirit SH+8}
   (You found it on level 5 of the Dungeon)

   [amulet of guardian spirit]

   It causes incoming damage to be divided between your reserves of health and
   magic.
   SH:        It affects your SH (+8).
 y - the ring "Qetei" (left hand) {rPois rC+ Int+3}
   (You found it on level 5 of the Dungeon)

   [ring of poison resistance]

   Int:       It affects your intelligence (+3).
   rC:        It protects you from cold.
   rPois:     It protects you from poison.
 z - a ring of wizardry
 C - a +6 ring of strength (right hand)
 D - a ring of resist corrosion
 I - a ring of ice
 M - a +6 ring of intelligence
 T - an amulet of reflection
 U - a ring of fire
Wands
 s - a wand of flame (22)
 A - a wand of digging (4)
 L - a wand of iceblast (13)
Scrolls
 g - 11 scrolls of identify
 i - 2 scrolls of fog
 p - a scroll of fear
 t - a scroll of magic mapping {unknown}
 w - 5 scrolls of vulnerability {unknown}
 x - 3 scrolls of enchant armour
 B - 7 scrolls of teleportation
 J - a scroll of brand weapon {unknown}
 K - 2 scrolls of blinking
 W - a scroll of poison {unknown}
Potions
 d - 2 potions of might
 f - 5 potions of lignification
 k - a potion of flight
 n - 2 potions of attraction
 o - 6 potions of curing
 q - 3 potions of invisibility
 r - 4 potions of haste
 P - 3 potions of brilliance


   Skills:
 + Level 12.3 Fighting
 + Level 16.9 Axes
 + Level 6.2 Throwing
 + Level 10.9 Armour
 + Level 12.2 Shields
 + Level 1.1 Invocations


You had 12 spell levels left.
You didn't know any spells.
Your spell library contained the following spells:

 Spells                   Type           Power      Damage    Failure   Level
 Beastly Appendage        Tmut           0%         N/A       75%         1
 Foxfire                  Conj/Fire      0%         2x1d4     75%         1
 Freeze                   Ice            0%         1d3       75%         1
 Magic Dart               Conj           0%         1d3       75%         1
 Searing Ray              Conj           0%         2d4       87%         2
 Wereblood                Tmut           0%         N/A       87%         2
 Frozen Ramparts          Ice            0%         1d1       98%         3
 Hailstorm                Conj/Ice       0%         3d3       98%         3
 Spider Form              Tmut/Pois      0%         N/A       98%         3
 Anguish                  Hex/Necr       0%         N/A       100%        4
 Cause Fear               Hex            0%         N/A       100%        4
 Fulminant Prism          Conj/Hex       0%         3d5       100%        4
 Fireball                 Conj/Fire      0%         3d3       100%        5
 Plasma Beam              Fire/Air       0%         2x1d11    100%        6
 Starburst                Conj/Fire      0%         6d3       100%        6
 Enfeeble                 Hex            0%         N/A       100%        7
 Chain Lightning          Conj/Air       0%         N/A       100%        9
 Fire Storm               Conj/Fire      0%         5d1       100%        9
 Shatter                  Erth           0%         3d5*      100%        9


Dungeon Overview and Level Annotations

Branches:
Dungeon (13/15)            Temple (1/1) D:4            Lair (0/5) D:10
    Orc (1/2) D:12         Bailey (visited)
 Vaults: D:13-14

Altars:
Ashenzari
Cheibriados
Dithmenos
Elyvilon
Fedhas
Gozag
Hepliaklqana
Kikubaaqudgha
Makhleb
Nemelex Xobeh
Okawaru
Qazlal
Ru
Sif Muna
Uskayaw
Vehumet
Wu Jian
Xom
Yredelemnul
Zin
The Shining One

Shops:
D:3 (   D:8 [?(   Orc:1 (

Annotations:
Temple 2 transporters
Orc:1 1 transporter, ripuliukko's ghost, journeyman GrEE


Innate Abilities, Weirdness & Mutations

Your body sometimes deteriorates upon taking damage.
You are robust. (+10% HP)
Your spells are a little harder to cast, but a little more powerful.


Message History

The two-headed ogre is almost dead.
You hit ripuliukko's ghost but do no damage.
You slash the two-headed ogre! You block the two-headed ogre's attack.
The two-headed ogre closely misses you.
The two-headed ogre hits you with a +0 giant club!
The two-headed ogre misses you.
Ripuliukko's ghost points at you and mumbles some strange words.
The blast of sand misses you.
The blast of sand hits the two-headed ogre.
The two-headed ogre dies!
You feel your strength returning.
You slice the two-headed ogre!!
You kill the two-headed ogre!
Okawaru accepts your kill.
You hit ripuliukko's ghost but do no damage.
Ripuliukko's ghost hits you but does no damage.
You closely miss ripuliukko's ghost.
Ripuliukko's ghost is lightly damaged.
You slash the two-headed ogre! You block the two-headed ogre's attack.
The two-headed ogre hits you but does no damage.
You block ripuliukko's ghost's attack.
You slash the two-headed ogre!
The two-headed ogre is heavily wounded.
You closely miss ripuliukko's ghost. You slash the two-headed ogre!
The two-headed ogre is severely wounded.
You slash ripuliukko's ghost!
You feel like a meek peon again. Ripuliukko's ghost hits you.
* * * LOW HITPOINT WARNING * * *
The two-headed ogre hits you with a +0 giant club!
* * * LOW HITPOINT WARNING * * *
The two-headed ogre hits you with a +0 giant club!
* * * LOW HITPOINT WARNING * * *
You hit the two-headed ogre.
The two-headed ogre is severely wounded.
You hit ripuliukko's ghost but do no damage.
You block ripuliukko's ghost's attack.
The two-headed ogre hits you with a +0 giant club!!
You die...

##........###...........
#.#.......###.........#
####.....## ##......###
###.....#######.......#
#.........##.##........
#.........##.#.........
#############..........
#.....©.....#...##.#...
#..##)@O##..#...####...
#.#..#.#..#.#....#.....
#.#..#W#..#.#....#.)).[
#..##...##..#.....).)..
##©...??$[O..###...))...
##############....)...##
#.....©.©.....#...)...#
#.....................#
######......##........##


You could see a two-headed ogre and ripuliukko's ghost.

Vanquished Creatures
  A vault guard (D:13)
  An ogre mage (Orc:1)
  Erica (D:11)
  A boulder beetle (D:13)
  8 two-headed ogres
  A tengu warrior (D:13)
  5 skeletal warriors (D:12)
  2 deep elf pyromancers
  A wizard (D:13)
  An oklob plant (D:10)
  An orc sorcerer (Orc:1)
  2 cyclopes
  2 manticores
  3 gargoyles
  2 unseen horrors
  A freezing wraith (D:11)
  2 komodo dragons (D:11)
  A tengu conjurer (D:13)
  7 trolls
  A hornet (D:8)
  A shadow (D:11)
  3 slime creatures (D:12)
  19 yaks
  A vampire (D:10)
  2 wraiths
  3 spriggans (Bailey)
  2 wyverns (D:7)
  4 steam dragons
  3 vampire mosquitoes (D:10)
  A warg (Orc:1)
  2 acid dragons
  A water moccasin (D:8)
  Duvessa (D:7)
  2 sky beasts
  Pargi (D:3)
  7 orc warriors
  2 ice beasts
  2 black bears
  2 centaurs (D:10)
  9 ogres
  2 phantoms (D:7)
  3 kobold brigands
  Blork the orc (D:5)
  A bullfrog (D:9)
  7 scorpions
  2 gnoll sergeants
  9 wights
  Dowan (D:7)
  5 killer bees (D:6)
  5 spriggan skeletons (D:10)
  5 howler monkeys
  A troll skeleton (D:10)
  6 hounds
  9 orc priests
  2 jellies (D:4)
  2 gnoll boudas
  2 sleepcaps (D:4)
  18 orc wizards
  Robin (D:4)
  25 gnolls
  10 adders
  An ufetubus (D:4)
  5 dart slugs
  41 orcs
  6 ball pythons
  9 endoplasms
  3 giant cockroaches
  13 goblins
  14 hobgoblins
  4 jackals
  6 quokkas
  3 bats
  5 frilled lizards
  31 kobolds
  5 rats
375 creatures vanquished.

Vanquished Creatures (others)
  A two-headed ogre (Orc:1)
1 creature vanquished.

Grand Total: 376 creatures vanquished

Notes
Turn   | Place    | Note
-------+----------+-------------------------------------------
     0 | D:1      | Marvel the Hill Orc Fighter began the quest for the Orb.
     0 | D:1      | Reached XP level 1. HP: 19/19 MP: 1/1
   189 | D:1      | Reached XP level 2. HP: 22/27 MP: 2/2
   291 | D:1      | Found a faded altar of an unknown god.
   329 | D:1      | Reached skill level 3 in Axes
   848 | D:2      | Reached XP level 3. HP: 28/33 MP: 3/3
  1298 | D:2      | Reached skill level 4 in Axes
  1298 | D:2      | Reached XP level 4. HP: 29/41 MP: 4/4
  1585 | D:3      | Found a glowing golden altar of the Shining One.
  1759 | D:3      | Reached XP level 5. HP: 47/47 MP: 5/5
  1781 | D:3      | Reached skill level 5 in Axes
  1877 | D:3      | Noticed Pargi
  1895 | D:3      | Killed Pargi
  1896 | D:3      | Reached skill level 6 in Axes
  1896 | D:3      | Reached XP level 6. HP: 40/53 MP: 6/6
  1973 | D:3      | Found Zienecun's Weapon Shoppe.
  2168 | D:3      | Found a snail-covered altar of Cheibriados.
  2919 | D:4      | Reached skill level 7 in Axes
  2957 | D:4      | Reached XP level 7. HP: 60/60 MP: 7/7
  3030 | D:4      | Noticed Robin
  3047 | D:4      | Reached skill level 5 in Fighting
  3047 | D:4      | Reached skill level 5 in Armour
  3190 | D:4      | Reached skill level 8 in Axes
  3263 | D:4      | Killed Robin
  3490 | D:4      | Found a staircase to the Ecumenical Temple.
  3502 | Temple   | Entered the Ecumenical Temple
  3502 | Temple   | Found a transporter.
  3502 | Temple   | Found a transporter.
  3504 | Temple   | Found a transporter.
  3504 | Temple   | Found a transporter.
  3518 | Temple   | Became a worshipper of Warmaster Okawaru
  3562 | D:5      | Entered Level 5 of the Dungeon
  3562 | D:5      | Found the brooch of Shielding {Spirit SH+8}
  3662 | D:5      | Found a hazy altar of Hepliaklqana.
  3695 | D:5      | Reached XP level 8. HP: 68/69 MP: 8/8
  3932 | D:5      | Reached skill level 9 in Axes
  4089 | D:5      | Noticed Blork the orc
  4097 | D:5      | Killed Blork the orc
  4157 | D:5      | Reached * piety under Okawaru
  4184 | D:5      | Identified the ring "Qetei" {rPois rC+ Int+3}
  4551 | D:6      | Reached skill level 5 in Shields
  4667 | D:6      | Reached skill level 10 in Axes
  4685 | D:6      | Reached XP level 9. HP: 13/78 MP: 3/9
  5081 | D:6      | Reached ** piety under Okawaru
  5374 | D:6      | Reached skill level 11 in Axes
  5692 | D:6      | Found a hide-covered altar of Uskayaw.
  5692 | D:6      | Found an ancient bone altar of Kikubaaqudgha.
  6168 | D:7      | Identified the +9 falchion "Ravufipe" {freeze, Str+4 Int+2}
  6363 | D:7      | Reached *** piety under Okawaru
  6416 | D:7      | Reached skill level 12 in Axes
  6510 | D:7      | Noticed Dowan
  6512 | D:7      | Noticed Duvessa
  6525 | D:7      | Killed Duvessa
  6526 | D:7      | Killed Dowan
  6527 | D:7      | Reached XP level 10. HP: 50/88 MP: 4/10
  7446 | D:8      | Found Jymorum's Antique Weapon Shoppe.
  7449 | D:8      | Found a sparkling altar of Nemelex Xobeh.
  7602 | D:8      | Found Ciqu's Magic Scroll Boutique.
  7605 | D:8      | Bought a scroll of teleportation for 42 gold pieces
  7605 | D:8      | Bought a scroll of blinking for 105 gold pieces
  7648 | D:8      | Noticed a manticore
  7668 | D:8      | Killed a manticore
  7669 | D:8      | Reached skill level 13 in Axes
  7679 | D:8      | Reached **** piety under Okawaru
  7962 | D:8      | Found Delib's Antique Armour Boutique.
  8034 | D:8      | Found a glowing silver altar of Zin.
  8203 | D:9      | Found a flagged portal.
  8212 | Bailey   | Entered a bailey
  8309 | Bailey   | Reached skill level 1 in Throwing
  8402 | Bailey   | Reached skill level 14 in Axes
  8517 | Bailey   | Noticed a two-headed ogre
  8530 | Bailey   | Killed a two-headed ogre
  8531 | Bailey   | Reached XP level 11. HP: 45/97 MP: 4/11
  8786 | D:9      | Reached ***** piety under Okawaru
  9124 | D:9      | Gained mutation: Your body sometimes deteriorates upon
                  | taking damage. [potion of mutation]
  9124 | D:9      | Gained mutation: Your spells are a little harder to cast,
                  | but a little more powerful. [potion of mutation]
  9124 | D:9      | Gained mutation: You are robust. (+10% HP) [potion of
                  | mutation]
  9260 | D:9      | Found a shimmering blue altar of Sif Muna.
  9261 | D:9      | Found a sacrificial altar of Ru.
  9362 | D:9      | Found a stormy altar of Qazlal.
  9449 | D:9      | Reached skill level 15 in Axes
  9470 | D:9      | Received a gift from Okawaru
  9586 | D:9      | Found an opulent altar of Gozag.
 10029 | D:10     | Entered Level 10 of the Dungeon
 10426 | D:10     | Found a staircase to the Lair.
 10426 | D:10     | Noticed an oklob plant
 10443 | D:10     | Killed an oklob plant
 10863 | D:10     | Received a gift from Okawaru
 11685 | D:11     | Found a radiant altar of Vehumet.
 11700 | D:11     | Noticed a two-headed ogre
 11710 | D:11     | Killed a two-headed ogre
 11711 | D:11     | Reached skill level 10 in Fighting
 11711 | D:11     | Reached XP level 12. HP: 81/116 MP: 7/12
 11997 | D:11     | Reached skill level 16 in Axes
 12419 | D:11     | Noticed Erica
 12427 | D:11     | Reached skill level 10 in Shields
 12895 | D:11     | Killed Erica
 12895 | D:11     | Received a gift from Okawaru
 13095 | D:12     | Noticed a two-headed ogre
 13103 | D:12     | Killed a two-headed ogre
 13484 | D:12     | Received a gift from Okawaru
 13524 | D:12     | Reached skill level 10 in Armour
 13524 | D:12     | Reached skill level 1 in Invocations
 13730 | D:12     | Reached skill level 5 in Throwing
 14249 | D:12     | Found a staircase to the Orcish Mines.
 14328 | D:13     | Noticed a boulder beetle
 14341 | D:13     | Killed a boulder beetle
 14421 | D:13     | Noticed a tengu warrior
 14432 | D:13     | Killed a tengu warrior
 14590 | D:13     | Identified the +0 ring mail of Minor Irritation {rPois rF+
                  | rCorr} (Okawaru gifted it to you on level 13 of the
                  | Dungeon)
 14590 | D:13     | Received a gift from Okawaru
 14591 | D:13     | Reached XP level 13. HP: 123/127 MP: 10/13
 14639 | D:13     | Noticed a vault guard
 14903 | D:13     | Noticed a vault guard
 14921 | D:13     | Killed a vault guard
 14925 | D:13     | Noticed a vault guard
 15111 | Orc:1    | Entered Level 1 of the Orcish Mines
 15604 | Orc:1    | Found a transporter.
 15605 | Orc:1    | Noticed ripuliukko's ghost (journeyman GrEE)
 15609 | Orc:1    | Identified the +1 great mace of the Feeding Goat {freeze,
                  | Will++ Int-3}
 15610 | Orc:1    | Found a transporter.
 15719 | Orc:1    | Found Mengisesmy's Firing Range.
 15859 | Orc:1    | Mangled by a two-headed ogre

Illustrated notes

Levels and vault maps discovered:
D:1:      nzn_arrival_depleted_hourglass, layout_loops_corners,
          ebering_ecumenical_altar_rust
D:2:      layout_basic
D:3:      minmay_chambers_of_threes, layout_loops_corners,
          kennysheep_slug_shrine, lemuel_crystal_altar, serial_shops, shop,
          nicolae_half_adder, uniq_pargi
D:4:      layout_basic, minmay_temple_entry_fiery, uniq_robin
D:5:      layout_basic, mainiacjoe_overflow_catwalk, uniq_blork_the_orc
D:6:      layout_loops_cross, gammafunk_temple_overflow_elements
D:7:      layout_layer_cave, uniq_duvessa
D:8:      layout_basic, nemelex_xobeh_ov_fountains_minmay, zin_scriptorium,
          serial_shops, nicolae_shop_real_fake_doors, nicolae_shop_stone, shop
D:9:      layout_loops_ring, mainiacjoe_overflow_brackets,
          chequers_temple_overflow_statue_of_worship, general_overflow_altar,
          enter_bailey_8
D:10:     layout_stronghold, dpeg_oklobed_lair, hangedman_tell_no_tales
D:11:     layout_basic, serial_rivers, chequers_serial_rivers_room_b,
          chequers_serial_rivers_large_b, chequers_serial_rivers_micro_c,
          chequers_serial_rivers_micro_c, chequers_serial_rivers_room_b,
          chequers_serial_rivers_micro_a, vehumet_altar_wand_db, uniq_erica
D:12:     layout_gridville, orc_0_dummy
D:13:     layout_grid_maze, grunt_vaults_entry_fortified,
          gauntlet_entry_generic, trog_three_pillars_becter
Temple:   hellmonk_temple_divided_pantheon
Orc:1:    layout_diamond_mine, gammafunk_ghost_smash, nicolae_shop_firing_range

Skill      XL: |  1  2  3  4  5  6  7  8  9 10 11 12 13 |
---------------+----------------------------------------+-----
Fighting       | 4 5 6 7 9 10 11 12 | 12.3
Axes           | 3 4 6 7 8 10 12 14 15 16 | 16.9
Armour         | 4 5 6 7 8 9 10 | 10.9
Shields        | 4 5 6 7 9 11 12 | 12.2
Throwing       | 2 4 5 6 |  6.2
Invocations    | 1 |  1.1

Action                     |  1- 3 |  4- 6 |  7- 9 | 10-12 | 13-15 || total
---------------------------+-------+-------+-------+-------+-------++-------
  Melee: War axe           |   104 |   170 |   333 |   394 |       ||  1001
         Hand axe          |       |       |       |   266 |   104 ||   370
  Throw: Dart              |       |       |       |    22 |       ||    22
         Boomerang         |       |       |       |    67 |    25 ||    92
         Throwing net      |       |       |       |     1 |       ||     1
 Invoke: Heroism           |       |       |     1 |     5 |     1 ||     7
    Use: Scroll            |       |     7 |       |     3 |       ||    10
         Potion            |       |       |     2 |    12 |     1 ||    15
 Armour: Scale mail        |    48 |    80 |    88 |   160 |    23 ||   399
         Skin              |       |       |     3 |       |       ||     3
  Dodge: Dodged            |    46 |    97 |   104 |   136 |    19 ||   402
  Block: Buckler           |    34 |    38 |   165 |   359 |       ||   596
         Kite shield       |       |       |       |     4 |    93 ||    97
